 Dungeon Crawl Stone Soup version 0.31-a0-18-gea43df2a32 (console) character file.

Game seed: 5985938784852255815

15162 petzl the Covert (level 12, 0/91 (94) HPs)
             Began as a Formicid Delver on May 12, 2023.
             Was a Follower of Vehumet.
             Shot with an arrow by a centaur warrior (18 damage)
             ... on level 15 of the Dungeon on May 13, 2023.
             The game lasted 01:48:06 (16293 turns).

petzl the Covert (Formicid Delver)                 Turns: 16293, Time: 01:48:07

HP:   0/91 (94)     AC:  8    Str: 18    XL:     12   Next: 54%
MP:   16/25         EV: 11    Int: 12    God:    Vehumet [*.....]
Gold: 508           SH:  5    Dex: 15    Spells: 16/29 levels left

rFire   + . .        a - +0 shortbow (elec)
rCold   + . .        K - +0 buckler
rNeg    . . .        m - +0 leather armour
rPois   +            (helmet unavailable)
rElec   +            s - +1 cloak
rCorr   +            x - +0 pair of gloves
SInv    +            P - +0 pair of boots
Will    +....        l - amulet of regeneration
Stlth   ++++         j - ring of poison resistance
HPRegen 1.15/turn    n - ring of wizardry
MPRegen 0.19/turn

%: clarity, wizardry (x1)
@: resistant, lightly drained
A: permanent stasis, dig shafts and tunnels, antennae 3, four strong arms,
clarity, dopey 1
a: Dig, Shaft Self, Renounce Religion


You were on level 15 of the Dungeon.
You worshipped Vehumet.
Vehumet was aware of your devotion.
You visited 3 branches of the dungeon, and saw 17 of its levels.

You collected 732 gold pieces.
You spent 224 gold pieces at shops.

Inventory:

Hand Weapons
 a - a +0 shortbow of electrocution (weapon)
 b - the +4 trident "Rerexiry" {heavy, Fly Int+9 Stlth-}
   (You found it on level 4 of the Dungeon)

   Int:       It affects your intelligence (+9).
   Fly:       It grants you flight.
   Stlth:     It makes you less stealthy.
 c - a +2 dagger of venom {!f =f}
 t - a +2 mace of holy wrath
 u - a +3 flail of freezing
 y - a +2 whip of flaming
 z - a +1 flail of draining
 H - a +1 short sword of venom
Missiles
 k - 16 javelins
 A - a curare-tipped dart
Armour
 m - a +0 leather armour (worn)
 s - a +1 cloak (worn)
 x - a +0 pair of gloves (worn)
 K - a +0 buckler (worn)
 O - a +0 kite shield
 P - a +0 pair of boots (worn)
Jewellery
 j - a ring of poison resistance (left hand)
 l - an amulet of regeneration (around neck)
 n - a ring of wizardry (right hand)
 p - an amulet of magic regeneration
 r - a ring of fire
 M - a ring of protection from cold
 N - a ring of protection from cold
 Q - a +6 ring of dexterity
Wands
 e - a wand of flame (2)
 f - a wand of digging (4)
 E - a wand of quicksilver (4)
Scrolls
 d - a scroll of magic mapping
 h - 2 scrolls of amnesia
 w - 2 scrolls of enchant armour
 C - 3 scrolls of brand weapon
 F - 2 scrolls of torment
 G - a scroll of noise
 I - 2 scrolls of enchant weapon
Potions
 g - 9 potions of curing
 i - 3 potions of mutation
 o - 2 potions of flight
 q - a potion of might
 B - a potion of cancellation
 D - a potion of heal wounds


   Skills:
 + Level 8.6 Fighting
 - Level 2.0 Maces & Flails
 - Level 4.3 Ranged Weapons
 - Level 6.0 Armour
 - Level 1.7 Dodging
 - Level 10.0 Stealth
 - Level 5.2 Shields
 + Level 9.3 Spellcasting
 * Level 6.8 Conjurations
 + Level 1.6 Ice Magic
 - Level 4.0 Air Magic
 - Level 6.0 Earth Magic
 - Level 6.0 Poison Magic
 - Level 3.0 Evocations


You had 16 spell levels left.
You knew the following spells:

 Your Spells              Type           Power      Damage    Failure   Level
a - Stone Arrow           Conj/Erth      42%        3d9       1%          3
b - Hailstorm             Conj/Ice       15%        3d5       4%          3
m - Mephitic Cloud        Conj/Pois/Air  19%        N/A       2%          3
T - Olgreb's Toxic Radia  Pois           20%        N/A       6%          4

Your spell library contained the following spells:

 Spells                   Type           Power      Damage    Failure   Level
 Kiss of Death            Conj/Necr      52%        2d9       1%          1
 Magic Dart               Conj           84%        1d7       1%          1
 Sandblast                Erth           40%        2d10      1%          1
 Shock                    Conj/Air       72%        1d7       1%          1
 Static Discharge         Conj/Air       36%        2-4/arc   1%          2
 Passwall                 Tmut/Erth      10%        N/A       3%          2
 Freeze                   Ice            36%        1d5       4%          1
 Necrotise                Necr           20%        1d5       8%          1
 Ensorcelled Hibernation  Hex/Ice        14%        N/A       9%          2
 Call Imp                 Summ           10%        N/A       12%         2
 Lesser Beckoning         Tloc           10%        N/A       12%         2
 Frozen Ramparts          Ice            18%        1d3       12%         3
 Airstrike                Air            7%         2d(2-18)  14%         4
 Gell's Gravitas          Tloc           5%         N/A       22%         3
 Portal Projectile        Hex/Tloc       10%        N/A       22%         3
 Teleport Other           Tloc           5%         N/A       22%         3
 Tukima's Dance           Hex            5%         N/A       22%         3
 Vampiric Draining        Necr           5%         2d6       22%         3
 Summon Lightning Spire   Summ/Air       10%        N/A       32%         4
 Agony                    Necr           5%         N/A       87%         5
 Blade Hands              Tmut           2%         N/A       87%         5
 Discord                  Hex            2%         N/A       100%        8
 Ignition                 Fire           2%         3d3       100%        8
 Swiftness                Air            Unusable   N/A       N/A         3

Dungeon Overview and Level Annotations

Branches:
Dungeon (15/15)            Temple (1/1) D:7            Lair (1/5) D:9
 Depths (0/4) D:15
    Orc: D:9-12      Vaults: D:13-14

Altars:
Dithmenos
Elyvilon
Fedhas
Gozag
Hepliaklqana
Kikubaaqudgha
Makhleb
Nemelex Xobeh
Okawaru
Qazlal
Ru
Sif Muna
Trog
Uskayaw
Vehumet
Zin
The Shining One

Shops:
D:7 *   D:8 :=?(

Annotations:
D:8 exclusions: downstairs and upstairs
D:9 3 runed translucent doors, exclusions: 3 downstairs, orange crystal statue and vampire, BlueFish's ghost, novice OpFi
D:10 exclusion: upstairs
D:11 exclusion: upstairs
D:13 exclusion: downstairs
D:14 exclusions: downstairs and hydra
D:15 exclusions: guardian serpent, sensed monster (detected) and 2 upstairs


Innate Abilities, Weirdness & Mutations

You cannot be hasted, slowed, berserked, paralysed or teleported.
You can dig through walls and to a lower floor.
You have a pair of large antennae on your head. (SInv)
Your four strong arms can wield two-handed weapons with a shield.
You possess an exceptional clarity of mind.
You are dopey. (Int -2)


Message History

Confirm with . or Enter, or press ? or * to list all spells.
Aiming: Mephitic Cloud (mildly dangerous; 2% risk of failure)
Press: ? - help, Shift-Dir - straight line The ball explodes into a vile cloud!
The stinking cloud engulfs the centaur warrior but does no damage.
The centaur warrior is lightly wounded.
The stinking cloud engulfs the centaur but does no damage. x2
The centaur is engulfed in noxious fumes.
The centaur appears confused.
The centaur hits you.
* * * LOW HITPOINT WARNING * * *
You block the centaur's attack.
The centaur warrior shoots an arrow.
The arrow hits you.
* * * LOW HITPOINT WARNING * * *
The centaur is engulfed in noxious fumes.
The centaur appears confused.
The centaur is engulfed in noxious fumes.
The centaur appears confused.
The centaur barely misses you. x2
The centaur shoots an arrow.
The arrow hits you but does no damage.
Unknown command.
Unknown command.
Casting: Mephitic Cloud (mildly dangerous; 2% risk of failure)
Confirm with . or Enter, or press ? or * to list all spells.
Aiming: Mephitic Cloud (mildly dangerous; 2% risk of failure)
Press: ? - help, Shift-Dir - straight line The ball explodes into a vile cloud!
The stinking cloud engulfs the centaur but does no damage.
The stinking cloud engulfs the centaur warrior but does no damage.
The centaur warrior is lightly wounded.
The stinking cloud engulfs the centaur but does no damage.
The centaur is engulfed in noxious fumes.
The centaur appears confused.
The centaur hits you but does no damage.
The centaur misses you.
The centaur is engulfed in noxious fumes.
The centaur appears confused.
The centaur is engulfed in noxious fumes.
The centaur appears confused.
The centaur warrior is engulfed in noxious fumes.
The centaur warrior shoots an arrow.
The arrow hits you!!
You die...

,,,,,,,,,,,#.......#***#...#...#...
###******,,#.......#.,,....#...#..#
..# *,,##......#.,###.###..#..# #.#
*,,,#.####.#..#○...○#..#u.{ ..#
*,,,#......#..#.....#u.#...
..###########......#....._...[.#.##
...................####.....#..'.##
....#...........##....#§...☼#..#...
....#...............#.###.###..#...
....................#..#.{.##..#..#
################'##.#..#...#####...
,,*#..............#....#...#.......
,,*#.............<#....#...#.......
..##........#######....#.c.#.....##
..##........#.......####.c.#.....#
..##........#..###.#..##..##....u#
..##........#......#..##{.######{##
..##........#...c○○#.....{.....#u##
..##........#...c@○#....{......#{..
..##........#...○☼○###'#'#######...
..#.........#.##☼☼○☼.{.#..#........
...#........#.*#.ccc○#.#..#........
..###########......○☼#.#..#.##.....
.#.....#****#######....####..u.....
.#.....#,,,,,,,,,,#####u{..........
.#.....#,,,,,,,,,,* #u?..........
.#.###.#,,,**,**,,* #............
##.....#,,,**,**,,* #..######....
.......#,,,**,,,,,****#....^......#
.......#,,,**,,,,,,*,,+...........#
.......#,,,**,,,,,,*,,#............
.......#+***********,,#............
........,,,,,,,,,,,*,,#..........##
......(.,,,,,,,,,,,*,,#............
........,,***,,,*,,***#.....##.....
#.S.....,,***,,,*,,,,,......*#.....
,,,,,,,,,,,,,,,,*,,,**...#..*#.....


You could see a centaur warrior and 4 centaurs.

Vanquished Creatures
  2 centaur warriors
  An ogre mage (D:10)
  A boulder beetle (D:11)
  5 death yaks (D:9)
  2 two-headed ogres
  Lodul (D:10)
  2 trolls (D:10)
  Grinder (D:6)
  A hornet (D:7)
  A shadow (D:10)
  2 wyverns
  14 yaks
  2 steam dragons
  An acid dragon (D:9)
  3 water moccasins
  3 orc warriors
  3 black bears
  2 ice beasts
  2 sky beasts
  8 ogres
  4 centaurs
  2 kobold brigands
  3 bullfrogs
  3 gnoll sergeants
  2 scorpions (D:6)
  7 wights
  9 killer bees
  2 howler monkeys
  3 electric eels (D:9)
  A hound (D:5)
  3 jellies
  3 orc priests
  Natasha (thrice) (D:3)
  6 iguanas
  2 orc wizards
  14 gnolls
  12 adders
  2 shadow imps (D:6)
  A white imp (D:6)
  A dart slug (D:3)
  26 orcs
  5 endoplasms
  7 giant cockroaches
  A gnoll zombie (D:5)
  7 goblins
  6 hobgoblins
  9 jackals
  3 quokkas
  A ball python (D:3)
  8 bats
  6 frilled lizards
  11 kobolds
  11 rats
  A rat zombie (D:5)
242 creatures vanquished.

Notes
Turn   | Place    | Note
-------+----------+-------------------------------------------
     0 | D:5      | petzl the Formicid Delver began the quest for the Orb.
     0 | D:5      | Reached XP level 1. HP: 18/18 MP: 1/1
     3 | D:5      | Noticed a wight
     9 | D:6      | Noticed a water moccasin
    63 | D:5      | Noticed a hound
    82 | D:5      | Killed a hound
    83 | D:5      | Reached XP level 2. HP: 5/24 MP: 1/5
    83 | D:5      | Reached XP level 3. HP: 6/29 MP: 1/7
   421 | D:4      | Identified the +4 trident "Rerexiry" {heavy, Fly Int+9
                  | Stlth-}
   518 | D:4      | Noticed an orc warrior
   596 | D:4      | Reached XP level 4. HP: 33/35 MP: 8/8
   990 | D:2      | Learned a level 3 spell: Stone Arrow
  1011 | D:2      | Found a shadowy altar of Dithmenos.
  1266 | D:1      | Reached XP level 5. HP: 41/41 MP: 10/10
  2337 | D:2      | Reached skill level 1 in Conjurations
  2587 | D:3      | Reached skill level 1 in Armour
  2625 | D:3      | Reached skill level 1 in Earth Magic
  2742 | D:3      | Noticed Natasha
  2745 | D:3      | Killed Natasha
  2746 | D:3      | Reached XP level 6. HP: 47/47 MP: 12/12
  2830 | D:3      | Noticed Natasha
  2832 | D:3      | Killed Natasha
  2918 | D:3      | Noticed Natasha
  2925 | D:3      | Killed Natasha
  3247 | D:4      | Noticed a black bear
  3431 | D:4      | You are sucked into a shaft and drop 1 floor!
  3589 | D:5      | Reached XP level 7. HP: 53/53 MP: 13/13
  3691 | D:6      | Found a sparkling altar of Nemelex Xobeh.
  3719 | D:6      | Found a blossoming altar of Fedhas.
  3882 | D:6      | Found a sacrificial altar of Ru.
  3933 | D:7      | Found a shimmering blue altar of Sif Muna.
  3954 | D:7      | Reached skill level 7 in Stealth
  4055 | D:7      | Reached XP level 8. HP: 61/61 MP: 8/15
  4118 | D:7      | Found Zin's Purification Station.
  4124 | D:7      | Found a glowing silver altar of Zin.
  4146 | D:7      | Gained mutation: You are dopey. (Int -2) [potion of
                  | mutation]
  4146 | D:7      | Gained mutation: You possess an exceptional clarity of
                  | mind. [potion of mutation]
  4158 | D:6      | Reached skill level 5 in Spellcasting
  4874 | D:8      | Noticed a yak
  4888 | D:7      | Noticed a hornet
  4913 | D:8      | Noticed a yak
  5253 | D:6      | Found a hazy altar of Hepliaklqana.
  5284 | D:6      | Reached skill level 5 in Fighting
  5363 | D:6      | Reached XP level 9. HP: 66/68 MP: 4/17
  5479 | D:6      | Noticed a two-headed ogre
  5705 | D:6      | Noticed Grinder
  5713 | D:6      | Killed Grinder
  5714 | D:6      | Reached skill level 8 in Stealth
  5827 | D:6      | Reached skill level 5 in Earth Magic
  6188 | D:6      | Killed a two-headed ogre
  6189 | D:6      | Reached skill level 1 in Evocations
  6634 | D:4      | Reached XP level 10. HP: 63/76 MP: 2/20
  6991 | D:5      | Identified a scroll of acquirement
  7320 | D:5      | Reached skill level 5 in Armour
  7769 | D:7      | Reached skill level 9 in Stealth
  7935 | D:7      | You fall into a shaft and drop 1 floor!
  7935 | D:8      | Found a white marble altar of Elyvilon.
  8019 | D:8      | Acquired the Unrestrained Analects
  8026 | D:8      | Learned a level 4 spell: Olgreb's Toxic Radiance
  8050 | D:8      | Found Jaaska's Book Emporium.
  8297 | D:8      | Reached skill level 5 in Poison Magic
  8388 | D:8      | Bought a book of Minor Magic for 198 gold pieces
  8392 | D:8      | Learned a level 3 spell: Mephitic Cloud
  8399 | D:8      | Found Tac Wi Ledgh's Jewellery Shoppe.
  8420 | D:8      | Found Efiguch's Magic Scroll Emporium.
  8488 | D:8      | Bought a scroll of identify for 26 gold pieces
  8514 | D:8      | Identified the +13 chain mail "Quhaewuc" {*Slow +Blink rC++
                  | Str+2}
  9342 | D:7      | Found a staircase to the Ecumenical Temple.
  9353 | D:7      | Reached skill level 1 in Ranged Weapons
  9365 | Temple   | Entered the Ecumenical Temple
  9560 | Temple   | Became a worshipper of Vehumet
 10160 | D:10     | Entered Level 10 of the Dungeon
 10246 | D:8      | Reached skill level 1 in Air Magic
 10250 | D:8      | Reached XP level 11. HP: 79/83 MP: 4/23
 10554 | D:8      | Found Qaopoy's Weapon Emporium.
 11020 | D:9      | Found a stormy altar of Qazlal.
 11030 | D:9      | Found a runed translucent gate.
 11031 | D:9      | Found a runed translucent gate.
 11031 | D:9      | Found an opulent altar of Gozag.
 11032 | D:9      | Found a runed translucent gate.
 11035 | D:9      | Noticed BlueFish's ghost (novice OpFi)
 11036 | D:9      | Noticed a green ugly thing
 11177 | D:9      | Noticed a two-headed ogre
 11207 | D:9      | Killed a two-headed ogre
 11208 | D:9      | Reached skill level 1 in Shields
 11208 | D:9      | Reached skill level 5 in Conjurations
 11361 | D:9      | Found a staircase to the Lair.
 11642 | D:10     | Noticed a centaur warrior
 11816 | D:9      | Noticed a death yak
 11816 | D:9      | Noticed a death yak
 11816 | D:9      | Noticed a death yak
 11820 | D:9      | Noticed a death yak
 11822 | D:9      | Noticed a death yak
 11822 | D:9      | Noticed a death yak
 11823 | D:9      | Noticed a death yak
 11984 | D:10     | Found a bloodstained altar of Trog.
 11994 | D:10     | Noticed a four-headed hydra
 12026 | D:10     | Noticed Lodul
 12557 | D:9      | Killed a death yak
 12558 | D:9      | Reached skill level 10 in Stealth
 12848 | D:9      | Killed a death yak
 12852 | D:9      | Killed a death yak
 12863 | D:9      | You are sucked into a shaft and drop 2 floors!
 13010 | D:11     | Noticed a manticore
 13474 | D:9      | You fall into a shaft and drop 1 floor!
 13938 | D:9      | Killed a death yak
 14089 | D:9      | You fall into a shaft and drop 2 floors!
 14245 | D:10     | Noticed an ogre mage
 14256 | D:10     | Killed an ogre mage
 14257 | D:10     | Reached XP level 12. HP: 90/92 MP: 3/24
 14489 | D:11     | Noticed a boulder beetle
 14503 | D:11     | Killed a boulder beetle
 14645 | D:11     | Noticed a centaur warrior
 14726 | D:10     | Reached * piety under Vehumet
 14726 | D:10     | Offered knowledge of Kiss of Death by Vehumet.
 14726 | D:10     | Killed Lodul
 14727 | D:10     | Reached skill level 5 in Shields
 14931 | Lair:1   | Entered Level 1 of the Lair of Beasts
 14964 | Lair:1   | Learned a level 3 spell: Hailstorm
 15154 | D:9      | Killed a death yak
 15155 | D:9      | Reached skill level 1 in Ice Magic
 15191 | D:10     | Killed a centaur warrior
 15609 | D:9      | You are sucked into a shaft and drop 3 floors!
 15645 | D:11     | You are sucked into a shaft and drop 3 floors!
 15656 | D:13     | Noticed a two-headed ogre
 15682 | D:13     | You are sucked into a shaft and drop 2 floors!
 15682 | D:15     | Entered Level 15 of the Dungeon
 15700 | D:15     | Found a stormy altar of Qazlal.
 15764 | D:14     | Noticed a centaur warrior
 15765 | D:14     | Noticed a centaur warrior
 15768 | D:14     | You are sucked into a shaft and drop 1 floor!
 15816 | D:15     | Noticed a centaur warrior
 15865 | D:14     | Noticed a centaur warrior
 15870 | D:14     | Killed a centaur warrior
 16107 | D:15     | Noticed a centaur warrior
 16130 | D:14     | Noticed a six-headed hydra
 16168 | D:14     | You fall into a shaft and drop 1 floor!
 16293 | D:15     | Shot with an arrow by a centaur warrior

Illustrated notes

Levels and vault maps discovered:
D:1:      wander_arrival_fairy_ring, layout_basic
D:2:      layout_loops_corners, basic_altar
D:3:      layout_basic, uniq_natasha
D:4:      layout_loops_ring
D:5:      layout_cave_pools, enter_ossuary_3, amethyst_killhole,
          kennysheep_small_circle
D:6:      layout_loops_corners, kennysheep_mini_moat,
          mainiacjoe_overflow_tiny_flanked, nicolae_hepliaklqana_hazy_memory,
          fedhas_bush_and_centaur_altar, uniq_grinder
D:7:      layout_loops_corners, zin_purify, lemuel_round_altar,
          minmay_temple_entry_ruins, serial_co_window_serial,
          co_window_of_opportunity_a, co_window_paths_a, co_window_paths_b,
          co_window_paths_b, co_window_corner_a, co_window_paths_a,
          co_window_paths_b, co_window_broadway_b, co_window_corner_ca,
          co_window_corner_b, co_window_unsneaky_path_b, glass_columns_a,
          glass_columns_a
D:8:      layout_gridville, general_overflow_altar, serial_shops,
          nicolae_shop_tiny_glass, shop, shop,
          nicolae_shop_bloodbath_and_beyond, grunt_ministairs_8
D:9:      statuecave_lemuel, layout_long_grid, mainiacjoe_overflow_brackets,
          dpeg_lair_monsters, ebering_ghost_gozag, minivault_21,
          blue_anna_alchemist
D:10:     cheibrodos_fzero, layout_basic, bloody_trog,
          overflow_temple_1_default, serial_corexii_hall,
          corexii_hall_statues_x, corexii_hall_statues_x, uniq_lodul,
          uniq_fannar, uniq_maurice
D:11:     layout_loops_ring, serial_rivers, chequers_serial_rivers_micro_d,
          chequers_serial_rivers_micro_a, chequers_serial_rivers_room_b,
          chequers_serial_rivers_room_b
D:12:     minmay_cornered_nines, layout_small_grid, orc_david_3
D:13:     layout_small_grid, david_vaults_3, kennysheep_generic_room_8
D:14:     layout_big_octagon, infiniplex_staircase_pillars_1,
          roderic_roman_lattice, grunt_ministairs_13, minivault_12, uniq_nessos
D:15:     grunt_enter_depths_magical_seal, layout_stronghold,
          nrook_mini_backslash, grunt_qazlal_clouds
Temple:   nicolae_temple_slightly_damp_pantheon
Lair:1:   layout_misc_corridors, portal_ice_cave_entry_imps, grunt_megastairs_5,
          serial_bayou_shore_a, infiniplex_staircase_pool, uniq_gastronok,
          uniq_sonja

Skill      XL: |  1  2  3  4  5  6  7  8  9 10 11 12 |
---------------+-------------------------------------+-----
Spellcasting   | 2 3 4 5 7 8 9 |  9.3
Conjurations   | 1 2 3 4 5 6 |  6.8
Armour         | 1 2 3 4 5 6 |  6.0
Earth Magic    | 1 2 3 4 6 |  6.0
Fighting       | 4 5 6 8 |  8.6
Stealth        | 7 8 9 10 | 10.0
Evocations     | 2 3 |  3.0
Poison Magic   | 6 |  6.0
Ranged Weapons | 1 3 4 |  4.3
Air Magic      | 1 3 4 |  4.0
Shields        | 4 5 |  5.2
Ice Magic      | 1 |  1.6
Maces & Flails | |  2.0
Dodging        | |  1.7

Action                     |  1- 3 |  4- 6 |  7- 9 | 10-12 || total
---------------------------+-------+-------+-------+-------++-------
  Melee: Mace              |    34 |       |     5 |       ||    39
         Trident           |     5 |   187 |    20 |    14 ||   226
         Punch             |       |     1 |       |       ||     1
         Dagger            |       |       |     9 |     6 ||    15
         Short sword       |       |       |       |     1 ||     1
   Fire: Sling             |     3 |    10 |     7 |       ||    20
         Shortbow          |       |       |    39 |   123 ||   162
   Cast: Stone Arrow       |       |       |    58 |    86 ||   144
         Olgreb's Toxic Ra |       |       |       |   110 ||   110
         Mephitic Cloud    |       |       |       |    42 ||    42
Ability: Dig               |       |     3 |     1 |     8 ||    12
         Shaft Self        |       |     1 |       |     9 ||    10
  Evoke: Wand              |       |       |     1 |    13 ||    14
    Use: Scroll            |       |     1 |     1 |    15 ||    17
         Potion            |       |       |     2 |     4 ||     6
   Stab: Sleeping          |     1 |    16 |     6 |     2 ||    25
         Confused          |       |       |       |     3 ||     3
 Armour: Leather armour    |    11 |    75 |    21 |    34 ||   141
  Dodge: Dodged            |    33 |   147 |    51 |    73 ||   304
  Block: Buckler           |       |       |       |    24 ||    24

Table legend: (Time is in decaauts)
 A = Elapsed time spent in this place.
 B = Non-inter-level travel time spent in this place.
 C = Inter-level travel time spent in this place.
 D = Time resting spent in this place.
 E = Time spent auto-exploring this place.
 F = Levels seen in this place.
 G = Mean time per level.
                   A        B        C        D        E       F      G
               +--------+--------+--------+--------+--------+-----+--------+
         Total |  16598 |  15712 |    886 |   5176 |   4766 |  17 |  976.4 |
       Dungeon |  16230 |  15363 |    867 |   5130 |   4586 |  15 | 1082.0 |
        Temple |    214 |    195 |     19 |      0 |    180 |   1 |  214.0 |
          Lair |    153 |    153 |      0 |     46 |      0 |   1 |  153.0 |
               +--------+--------+--------+--------+--------+-----+--------+

Top non-repeatable levels by time:
     D:9: 2397 daAuts
     D:8: 2380 daAuts
     D:6: 2287 daAuts
     D:7: 1736 daAuts
     D:5: 1250 daAuts
     D:4: 1174 daAuts
    D:10: 993 daAuts
     D:2: 991 daAuts
     D:1: 840 daAuts
     D:3: 819 daAuts
    D:11: 691 daAuts
    D:15: 514 daAuts
  Temple: 214 daAuts
  Lair:1: 153 daAuts
    D:14: 107 daAuts
